 Dungeon Crawl Stone Soup version 0.30.0-15-g856e2d3f33 (webtiles) character file.

Game seed: 5743815238589410515

48025 cdecastro the Brawler (level 14, -16/124 HPs)
             Began as a Ghoul Fighter on May 19, 2023.
             Was a Plaything of Xom.
             Demolished by a green very ugly thing (19 damage)
             ... on level 2 of the Abyss on May 20, 2023.
             The game lasted 00:54:33 (21408 turns).

cdecastro the Brawler (Ghoul Fighter)              Turns: 21408, Time: 00:54:33

Health: -16/124    AC: 17    Str: 25    XL:     14   Next: 44%
Magic:  13/13      EV:  8    Int:  3    God:    Xom [......]
Gold:   332        SH:  0    Dex:  8    Spells: 13/13 levels left

rFire   . .          .
                       - Unarmed
rCold   + . .        (no shield)
rNeg    + + +        S - +0 plate armour
rPois   ∞            f - +0 helmet
rElec   .            p - +0 cloak
rCorr   .            (no gloves)
SInv    .            (no boots)
Will    +....        L - amulet of faith Stlth
                     T - ring of wizardry
HPRegen 0.00/turn    (no ring)
MPRegen 0.13/turn

%: faith, wizardry (x1)
@: about to teleport, inhibited regen
A: claws 1, cold resistance 1, negative energy resistance 3, inhibited
regeneration, torment resistance 2, devour on kill
a: Renounce Religion


You were on level 2 of the Abyss.
You worshipped Xom.
You were a very special plaything of Xom.
You visited 2 branches of the dungeon, and saw 16 of its levels.
You visited the Abyss 1 time.

You collected 833 gold pieces.
You spent 501 gold pieces at shops.

Inventory:

Hand Weapons
 R - a +1 longbow of flaming
Missiles
 q - 14 javelins (quivered)
 C - 2 throwing nets
 I - 6 atropa-tipped darts
 P - 2 boomerangs
 Y - a curare-tipped dart
Armour
 f - a +0 helmet (worn)
 m - a +0 pair of gloves
 p - a +0 cloak (worn)
 S - a +0 plate armour (worn)
 U - a +1 buckler of reflection
Jewellery
 b - a ring of see invisible
 s - a ring of protection from cold
 L - an amulet of faith (around neck)
 T - a ring of wizardry (left claw)
 W - a ring of fire
Wands
 d - a wand of roots (6)
 G - a wand of light (13)
 H - a wand of flame (9)
 K - a wand of mindburst (2)
Scrolls
 e - 3 scrolls of fog {unknown}
 h - 8 scrolls of immolation
 j - 6 scrolls of teleportation
 k - 2 scrolls of acquirement {unknown}
 n - 3 scrolls of enchant weapon {unknown}
 o - 3 scrolls of blinking {unknown}
 w - 4 scrolls of enchant armour {unknown}
 x - 4 scrolls of poison {unknown}
 B - 2 scrolls of brand weapon {unknown}
 E - a scroll of noise
 F - 3 scrolls of vulnerability {unknown}
 J - 4 scrolls of magic mapping
 M - a scroll of torment
 N - a scroll of fear
 Q - 2 scrolls of silence
Potions
 a - a potion of flight
 c - a potion of might
 g - 3 potions of attraction
 i - 5 potions of curing
 l - 2 potions of brilliance
 r - 2 potions of magic
 t - 3 potions of degeneration
 u - 2 potions of cancellation
 v - 5 potions of haste
 z - a potion of invisibility
 A - a potion of mutation
 D - 3 potions of berserk rage
 O - 4 potions of ambrosia
 X - a potion of resistance


   Skills:
 + Level 11.3 Fighting
 - Level 10.0 Armour
 - Level 5.0 Dodging
 - Level 2.6 Shields
 - Level 18.0 Unarmed Combat
 - Level 10.0 Evocations


You had 13 spell levels left.
You didn't know any spells.
Your spell library contained the following spells:

 Spells                   Type           Power      Damage    Failure   Level
 Freeze                   Ice            0%         1d3       91%         1
 Necrotise                Necr           0%         1d4       91%         1
 Shock                    Conj/Air       0%         1d3       91%         1
 Sting                    Tmut/Pois      0%         1d3       91%         1
 Summon Small Mammal      Summ           0%         N/A       91%         1
 Poisonous Vapours        Pois/Air       0%         N/A       97%         2
 Call Canine Familiar     Summ           0%         N/A       99%         3
 Frozen Ramparts          Ice            0%         1d1       99%         3
 Hailstorm                Conj/Ice       0%         3d3       99%         3
 Summon Guardian Golem    Hex/Summ       0%         N/A       99%         3
 Swiftness                Air            0%         N/A       99%         3
 Vampiric Draining        Necr           0%         2d6       99%         3
 Volatile Blastmotes      Fire/Tloc      0%         2d10      99%         3
 Airstrike                Air            0%         2d(0-16)  100%        4
 Anguish                  Hex/Necr       0%         N/A       100%        4
 Animate Dead             Necr           0%         N/A       100%        4
 Fulminant Prism          Conj/Hex       0%         3d5       100%        4
 Iskenderun's Mystic Bla  Conj/Tloc      0%         2d3       100%        4
 Olgreb's Toxic Radiance  Pois           0%         N/A       100%        4
 Summon Ice Beast         Ice/Summ       0%         N/A       100%        4
 Agony                    Necr           0%         N/A       100%        5
 Borgnjor's Vile Clutch   Necr/Erth      0%         N/A       100%        5
 Irradiate                Conj/Tmut      0%         3d11      100%        5
 Lee's Rapid Deconstruct  Erth           0%         3d4*      100%        5
 Death Channel            Necr           0%         N/A       100%        6
 Simulacrum               Ice/Necr       0%         N/A       100%        6
 Haunt                    Necr/Summ      0%         N/A       100%        7
 Lehudib's Crystal Spear  Conj/Erth      0%         10d2      100%        8
 Ice Form                 Ice/Tmut       Unusable   N/A       N/A         4
 Blade Hands              Tmut           Unusable   N/A       N/A         5
 Dragon Form              Tmut           Unusable   N/A       N/A         7

Dungeon Overview and Level Annotations

Branches:
Dungeon (15/15)            Temple (0/1) D:7            Lair (0/5) D:11
    Orc (1/2) D:10         Vaults (0/5) D:13         Depths (0/4) D:15

Altars:
Cheibriados
Dithmenos
Fedhas
Gozag
Nemelex Xobeh
Okawaru
Trog
Wu Jian
Xom
Yredelemnul

Shops:
D:5 ?   D:6 =   D:7 =   D:8 *   D:10 (

Annotations:
D:13 2 transporters, Buchaag's ghost, novice MiMo; Jorgrun
Orc:1 Sonja


Innate Abilities, Weirdness & Mutations

You are immune to poison.
You have sharp fingernails.
Your flesh is cold resistant. (rC+)
You are immune to negative energy. (rN+++)
You do not regenerate when monsters are visible.
You are immune to unholy pain and torment.
You thrive by killing the living.


Message History

* * * LOW HITPOINT WARNING * * *
Unknown command.
You mangle the green very ugly thing!!
You claw the green very ugly thing, but do no damage.
The green very ugly thing is severely wounded.
The sixfirhy hits you but does no damage.
The sixfirhy hits you.
* * * LOW HITPOINT WARNING * * *
The sixfirhy shocks you!
* * * LOW HITPOINT WARNING * * *
The sixfirhy hits you but does no damage.
The green very ugly thing tail-slaps you.
* * * LOW HITPOINT WARNING * * *
Unknown command.
You scratch the green very ugly thing but do no damage.
The green very ugly thing is severely wounded.
The sixfirhy barely misses you. The sixfirhy hits you.
* * * LOW HITPOINT WARNING * * *
The sixfirhy shocks you!
* * * LOW HITPOINT WARNING * * *
The sixfirhy barely misses you.
Unknown command.
Unknown command.
Okay, then.
Unknown command.
Unknown command.
Unknown command.
You claw the green very ugly thing!
The green very ugly thing is almost dead.
You hear a bark!
The green very ugly thing tail-slaps you!
* * * LOW HITPOINT WARNING * * *
Unknown command.
Unknown command.
Unknown command.
You closely miss the green very ugly thing.
The green very ugly thing is almost dead.
The green very ugly thing tail-slaps you!!
You die...
Xom snickers!

.## . ... ##
. ## ....
#.#.#.#.....
. . u.. # .
. ######
#.... .
####..h#u##
.u§# .∩
#...§#hh##
.# # #uu## #
. . . ##3@#
... . #### .
. #.. . . .
.. # . . . .
. . # .. . #
# . # . ...


You could see 2 very ugly things, a sixfirhy (summoned) and 2 hell hounds.

Vanquished Creatures
  Nessos (D:14)
  An ettin (D:15)
  Josephine (D:10)
  A hydra (D:15)
  A rakshasa (D:12)
  An ogre mage (D:13)
  3 centaur warriors
  7 two-headed ogres
  2 boulder beetles
  3 death yaks
  8 tengu warriors
  A hell knight (D:15)
  An orc high priest (D:10)
  Nergalle (Orc:1)
  A sea snake (shapeshifter) (D:15)
  2 orc knights (D:15)
  A deep elf zephyrmancer (D:15)
  A deep elf pyromancer (D:14)
  A necromancer (D:15)
  19 ugly things
  A cyclops (D:13)
  An orc sorcerer (D:10)
  An elephant (D:15)
  A manticore (D:12)
  A gargoyle (D:13)
  2 unseen horrors
  Psyche (D:11)
  A freezing wraith (D:14)
  3 kobold demonologists
  2 komodo dragons (D:11)
  A tengu conjurer (D:14)
  An efreet (D:15)
  3 trolls
  A hornet (D:8)
  4 slime creatures
  2 shadows (D:9)
  A culicivora (D:14)
  5 wraiths (D:9)
  A ynoxinul (Abyss:2)
  A wyvern (D:10)
  29 yaks
  2 water elementals (D:15)
  A steam dragon (D:6)
  2 vampire mosquitoes (D:12)
  A water moccasin (D:7)
  An acid dragon (D:10)
  9 orc warriors
  An ice beast (D:10)
  A black bear (D:7)
  A sky beast (D:7)
  9 centaurs
  2 ogres (D:5)
  A wolf (D:10)
  A boggart (D:15)
  3 kobold brigands
  2 small abominations (Abyss:2)
  3 bullfrogs
  2 gnoll sergeants
  7 scorpions
  6 wights
  3 killer bees (D:10)
  3 jellies
  5 hounds
  4 orc priests
  Crazy Yiuf (D:3)
  3 gnoll boudas
  4 iguanas
  A sleepcap (D:5)
  Natasha (thrice) (D:2)
  13 orc wizards
  3 hell rats (D:11)
  Robin (D:2)
  22 gnolls
  9 adders
  2 river rats (D:11)
  2 white imps
  3 ufetubi
  4 worms
  3 dart slugs
  38 orcs
  9 endoplasms
  2 giant cockroaches
  11 goblins
  12 hobgoblins
  8 quokkas
  8 ball pythons
  7 bats
  6 frilled lizards
  17 kobolds
  6 rats
388 creatures vanquished.

Vanquished Creatures (collateral kills)
  A merfolk impaler (D:14)
  A merfolk avatar (D:14)
  An unseen horror (D:12)
  A centaur (D:8)
  A wight (D:8)
  A killer bee (D:10)
6 creatures vanquished.

Vanquished Creatures (others)
  A vampire (D:10)
  A water elemental (D:15)
  A yak (D:10)
  2 orc wizards (D:9)
5 creatures vanquished.

Grand Total: 399 creatures vanquished

Notes
Turn   | Place    | Note
-------+----------+-------------------------------------------
     0 | D:1      | cdecastro the Ghoul Fighter began the quest for the Orb.
     0 | D:1      | Reached XP level 1. HP: 19/19 MP: 0/0
   242 | D:1      | Reached XP level 2. HP: 26/26 MP: 1/1
   278 | D:1      | Reached skill level 3 in Unarmed Combat
   638 | D:1      | Reached XP level 3. HP: 31/31 MP: 2/2
  1139 | D:2      | Reached skill level 4 in Unarmed Combat
  1447 | D:2      | Noticed Robin
  1465 | D:2      | Killed Robin
  1466 | D:2      | Reached XP level 4. HP: 23/38 MP: 3/3
  1755 | D:2      | Reached skill level 5 in Unarmed Combat
  1926 | D:2      | Noticed Natasha
  1935 | D:2      | Killed Natasha
  2039 | D:2      | Noticed Natasha
  2048 | D:2      | Killed Natasha
  2049 | D:2      | Reached XP level 5. HP: 45/45 MP: 4/4
  2293 | D:2      | Noticed Natasha
  2303 | D:2      | Killed Natasha
  2304 | D:2      | Reached skill level 6 in Unarmed Combat
  2837 | D:3      | Found a runed translucent door.
  2838 | D:3      | Noticed Crazy Yiuf
  2901 | D:4      | Reached XP level 6. HP: 14/51 MP: 5/5
  3281 | D:4      | Reached skill level 7 in Unarmed Combat
  3831 | D:5      | Entered Level 5 of the Dungeon
  3840 | D:5      | Reached skill level 8 in Unarmed Combat
  3840 | D:5      | Reached XP level 7. HP: 42/57 MP: 6/6
  4179 | D:5      | Found the +8 Wrath of Trog {antimagic, *Rage Rampage}
  4367 | D:5      | Reached skill level 9 in Unarmed Combat
  4458 | D:5      | Noticed Edmund
  4559 | D:5      | Reached XP level 8. HP: 36/63 MP: 7/7
  4780 | D:5      | Reached skill level 10 in Unarmed Combat
  4900 | D:5      | Found Yheerchaite's Magic Scroll Shoppe.
  4904 | D:5      | Bought a scroll of teleportation for 42 gold pieces
  4904 | D:5      | Bought a scroll of identify for 28 gold pieces
  4904 | D:5      | Bought a scroll of noise for 14 gold pieces
  4904 | D:5      | Bought a scroll of identify for 28 gold pieces
  4904 | D:5      | Bought a scroll of immolation for 56 gold pieces
  5202 | D:5      | Reached skill level 5 in Fighting
  5383 | D:6      | Found a sparkling altar of Nemelex Xobeh.
  5383 | D:6      | Found a shimmering altar of Xom.
  5623 | D:6      | Found Esyopp's Jewellery Boutique.
  5648 | D:6      | Reached skill level 11 in Unarmed Combat
  6129 | D:6      | Became a worshipper of Xom of Chaos
  6158 | D:7      | Reached XP level 9. HP: 70/74 MP: 8/8
  6191 | D:7      | XOM: potion effect (might)
  6193 | D:7      | Reached skill level 5 in Armour
  6268 | D:7      | Found Huysku's Jewellery Shop.
  6308 | D:7      | Found a staircase to the Ecumenical Temple.
  6329 | D:7      | XOM: silly message
  6332 | D:7      | XOM: enchant monster (good)
  6358 | D:7      | XOM: noise
  6428 | D:7      | XOM: silly message
  6635 | D:8      | Noticed a hornet
  6643 | D:8      | Killed a hornet
  6644 | D:8      | Reached skill level 12 in Unarmed Combat
  6685 | D:8      | XOM: cast spell 'Summon Mana Viper'
  6690 | D:8      | XOM: chaos upgrade
  6738 | D:8      | XOM: 9-stop teleportation journey
  6759 | D:8      | XOM: smoke on damage
  6998 | D:8      | Found Tiuzxod's General Store.
  7005 | D:8      | Bought a scroll of amnesia for 48 gold pieces
  7005 | D:8      | Bought a scroll of magic mapping for 90 gold pieces
  7025 | D:8      | Reached skill level 13 in Unarmed Combat
  7184 | D:8      | Found an opulent altar of Gozag.
  7191 | D:8      | Found a snail-covered altar of Cheibriados.
  7191 | D:8      | Found a basalt altar of Yredelemnul.
  7192 | D:8      | Found an iron altar of Okawaru.
  7193 | D:8      | Found an ornate altar of the Wu Jian Council.
  7194 | D:8      | Found a shadowy altar of Dithmenos.
  7196 | D:8      | Found a blossoming altar of Fedhas.
  7419 | D:8      | XOM is BORED!
  7419 | D:8      | XOM: summons 3 hostile demons
  7698 | D:9      | Noticed a two-headed ogre
  7703 | D:9      | Killed a two-headed ogre
  7704 | D:9      | Reached skill level 14 in Unarmed Combat
  7704 | D:9      | Reached XP level 10. HP: 40/81 MP: 9/9
  7984 | D:9      | XOM: potion effect (might)
  7987 | D:9      | XOM: smoke on damage
  8292 | D:9      | XOM: enchant monster (good)
  8438 | D:9      | XOM: divination: magic mapping
  8443 | D:9      | Reached skill level 15 in Unarmed Combat
  8648 | D:9      | XOM: summons friendly iron imp
  8650 | D:9      | XOM: enchant monster (bad)
  8694 | D:9      | XOM: scenery: 1 doors open, 4 doors close
  8957 | D:10     | Entered Level 10 of the Dungeon
  9006 | D:10     | Noticed Josephine
  9006 | D:10     | XOM: summons friendly iron imp
  9010 | D:10     | XOM: divination: detect items
  9020 | D:10     | XOM: potion effect (brilliance)
  9051 | D:9      | XOM: god gift: Xom's Secrets of Bones and Spelunking {god
                  | gift}
  9052 | D:9      | Got Xom's Secrets of Bones and Spelunking {god gift}
  9171 | D:9      | XOM: stat loss: -1 Int (2/3)
  9246 | D:9      | XOM: confuse monster(s)
  9248 | D:9      | Reached XP level 11. HP: 39/95 MP: 10/10
  9248 | D:9      | XOM: fog
  9461 | D:9      | XOM: god gift: book of Air
  9485 | D:10     | XOM: god gift: +6 bardiche of chaos
  9490 | D:10     | XOM: confusion
  9500 | D:10     | XOM: summons 11 friendly demons
  9503 | D:10     | XOM: cast spell 'Monstrous Menagerie'
  9507 | D:10     | Killed Josephine
  9508 | D:10     | Reached skill level 10 in Fighting
  9562 | D:10     | Reached skill level 1 in Evocations
  9569 | D:10     | XOM: cleaving
  9577 | D:10     | XOM: divine lightning
  9798 | D:10     | XOM: divine lightning
  9812 | D:10     | Found Areanoz's Antique Weapon Shop.
 10136 | D:10     | XOM: summons friendly crimson imp
 10144 | D:10     | XOM: fake destruction
 10151 | D:10     | XOM: polymorph crimson imp -> cerulean imp
 10162 | D:10     | Noticed Grum
 10162 | D:10     | XOM: 2-stop teleportation journey
 10171 | D:10     | XOM: chaos cloud
 10175 | D:10     | Grum changed into Grum the scorpion
 10175 | D:10     | Noticed Grum
 10177 | D:10     | Killed Grum the scorpion
 10179 | D:10     | XOM: polymorph wolf -> ice beast
 10406 | D:10     | XOM: chaos cloud
 10695 | D:10     | Reached skill level 5 in Evocations
 10734 | D:10     | XOM: noise
 10872 | D:10     | XOM: god gift: 3 stones
 10994 | D:10     | XOM: summons 2 hostile demons
 10998 | D:10     | Found a staircase to the Orcish Mines.
 10999 | D:10     | XOM: enchant monster (good)
 11040 | D:10     | XOM: scenery: 2 doors close
 11201 | D:10     | XOM: 1-stop teleportation journey
 11213 | D:10     | XOM: god gift: glowing battleaxe {god gift}
 11439 | D:11     | Noticed a two-headed ogre
 11439 | D:11     | XOM: scenery: create altars
 11443 | D:11     | Killed a two-headed ogre
 11776 | D:11     | XOM: god gift: +0 robe of fire resistance
 11794 | D:11     | Noticed a red ugly thing
 11799 | D:11     | XOM: cleaving
 11988 | D:10     | XOM: cloud trail
 12025 | D:10     | XOM: god gift: +2 broad axe of chaos
 12034 | D:10     | XOM: god gift: bardiche {god gift}
 12045 | D:11     | Noticed a two-headed ogre
 12053 | D:11     | XOM: summons friendly shadow imp
 12057 | D:11     | Killed a two-headed ogre
 12235 | D:11     | XOM: summons friendly shadow imp
 12242 | D:11     | Reached XP level 12. HP: 97/106 MP: 11/11
 12291 | D:10     | XOM is BORED!
 12291 | D:10     | XOM: noise
 12420 | D:11     | XOM: summons 2 hostile demons
 12464 | D:11     | Noticed a death yak
 12464 | D:11     | XOM: fog
 12466 | D:11     | Noticed Psyche
 12476 | D:11     | XOM: enchant monster (good)
 12479 | D:11     | XOM: potion effect (haste)
 12495 | D:11     | Killed Psyche
 12506 | D:11     | Noticed a death yak
 12508 | D:11     | Noticed a death yak
 12509 | D:11     | XOM: silly message
 12520 | D:11     | XOM: silly message
 12522 | D:11     | XOM: potion effect (heal wounds)
 12547 | D:10     | Killed a death yak
 12607 | D:10     | XOM: silly message
 12712 | D:11     | XOM: potion effect (attraction)
 12716 | D:11     | XOM: potion effect (heal wounds)
 12720 | D:11     | XOM: potion effect (brilliance)
 12725 | D:11     | XOM: potion effect (might)
 12726 | D:11     | XOM: summons 11 friendly demons
 12727 | D:11     | Killed a death yak
 12730 | D:11     | Killed a death yak
 12770 | D:11     | Found a staircase to the Lair.
 12780 | D:11     | XOM: blink monster(s)
 12847 | D:11     | XOM: blink monster(s)
 12997 | D:11     | XOM: divination: magic mapping
 13094 | D:12     | XOM: potion effect (heal wounds)
 13095 | D:12     | Reached skill level 10 in Evocations
 13191 | D:12     | XOM: noise
 13481 | D:12     | XOM: cast spell 'Summon Hydra'
 13538 | D:12     | XOM: 1-stop teleportation journey
 13604 | D:11     | XOM: summons 3 hostile demons
 14138 | D:13     | Noticed a rakshasa
 14141 | D:13     | XOM: confuse monster(s)
 14142 | D:13     | Noticed a two-headed ogre
 14153 | D:12     | Killed a two-headed ogre
 14154 | D:12     | Reached skill level 16 in Unarmed Combat
 14154 | D:12     | Reached skill level 1 in Dodging
 14412 | D:12     | XOM: cloud trail
 14439 | D:13     | XOM: noise
 14443 | D:13     | XOM: cast spell 'Olgreb's Toxic Radiance'
 14624 | D:12     | Killed a rakshasa
 14799 | D:13     | Noticed a tengu warrior
 14803 | D:13     | Killed a tengu warrior
 14835 | D:13     | Noticed a boulder beetle
 14845 | D:13     | Killed a boulder beetle
 14874 | D:13     | XOM: noise
 14900 | D:13     | Noticed a two-headed ogre
 14900 | D:13     | XOM: summons friendly quasit
 14901 | D:13     | Found a gate to the Vaults.
 14901 | D:13     | Noticed an ogre mage
 14901 | D:13     | Noticed a two-headed ogre
 14924 | D:13     | Noticed a stone giant
 14927 | D:13     | XOM: summons 3 hostile shadow creatures
 14928 | D:13     | Noticed a boulder beetle
 14928 | D:13     | Noticed a two-headed ogre
 15036 | D:13     | Noticed a two-headed ogre
 15038 | D:13     | Found a transporter.
 15039 | D:13     | Noticed a tengu warrior
 15039 | D:13     | Noticed a two-headed ogre
 15040 | D:13     | Noticed Buchaag's ghost (novice MiMo)
 15043 | D:13     | Found a bloodstained altar of Trog.
 15043 | D:13     | Found a transporter.
 15168 | D:13     | Noticed Jorgrun
 15178 | D:13     | XOM: confuse monster(s)
 15182 | D:13     | XOM: 1-stop teleportation journey
 15187 | D:13     | Killed an ogre mage
 15188 | D:13     | Reached skill level 5 in Dodging
 15188 | D:13     | Reached XP level 13. HP: 86/113 MP: 12/12
 15303 | D:13     | XOM: chaos cloud
 15425 | D:13     | XOM: confuse monster(s)
 15552 | D:13     | XOM: 1-stop teleportation journey
 15684 | D:13     | XOM: summons friendly white imp
 15694 | D:13     | Reached skill level 17 in Unarmed Combat
 15722 | D:13     | XOM: divination: magic mapping
 15726 | D:13     | XOM: confuse monster(s)
 15962 | D:13     | XOM: confuse monster(s)
 16094 | D:13     | XOM: cloud trail
 16246 | D:13     | XOM: summons 1 hostile shadow creature
 16302 | D:13     | XOM: summons 7 hostile demons
 16367 | D:13     | XOM: summons 1 hostile shadow creature
 16428 | D:13     | XOM: summons 3 hostile demons
 16483 | D:13     | XOM: enchant monster (good)
 16824 | D:14     | XOM: scenery: summon butterflies
 16826 | D:14     | XOM: cast spell 'Summon Cactus Giant'
 16839 | D:14     | XOM: noise
 16844 | D:14     | XOM: silly message
 16846 | D:14     | Noticed Nessos
 16846 | D:14     | XOM: 2-stop teleportation journey
 16849 | D:14     | Killed Nessos
 17025 | D:14     | XOM: 8-stop teleportation journey
 17140 | D:14     | XOM: 3-stop teleportation journey
 17167 | D:14     | XOM: blink monster(s)
 17176 | D:14     | XOM: polymorph troll -> culicivora
 17180 | D:14     | XOM: fake destruction
 17183 | D:14     | HP: 1/113 [culicivora (5)]
 17208 | D:14     | XOM: god gift: 3 scrolls of amnesia
 17272 | D:14     | XOM: 1-stop teleportation journey
 17351 | D:14     | XOM: noise
 17498 | D:14     | XOM: silly message
 17917 | D:14     | XOM: god gift: scroll labelled QULOSHR PYOV {god gift}
 17939 | D:14     | XOM: blink monster(s)
 17948 | D:14     | XOM: summons friendly white imp
 17993 | D:14     | XOM: god gift: book of Changes
 18368 | D:14     | Found a runed translucent door.
 18370 | D:14     | Found a runed translucent door.
 18382 | D:14     | Found a runed translucent door.
 18383 | D:14     | Noticed a merfolk impaler
 18631 | D:14     | Killed a merfolk impaler
 18638 | D:14     | Identified the staff of cold "Mogau" {rC+ Dex+3}
 18802 | D:15     | Entered Level 15 of the Dungeon
 18849 | D:15     | XOM: fog
 18864 | D:15     | XOM: 1-stop teleportation journey
 18900 | D:15     | XOM: polymorph tengu conjurer -> elephant
 18903 | D:15     | XOM: 1-stop teleportation journey
 18927 | D:15     | Noticed an ettin
 18927 | D:15     | XOM: 1-stop teleportation journey
 18931 | D:15     | XOM: blink monster(s)
 18936 | D:15     | XOM: summons friendly ufetubus
 18939 | D:15     | Killed an ettin
 18942 | D:15     | XOM: enchant monster (good)
 18998 | D:15     | XOM: silly message
 19043 | D:15     | XOM: god gift: longbow {god gift}
 19069 | D:15     | XOM: 2-stop teleportation journey
 19071 | D:15     | XOM: 1-stop teleportation journey
 19074 | D:15     | XOM: summons 7 friendly demons
 19343 | D:15     | Found a staircase to the Depths.
 19398 | D:15     | Identified the +2 dagger of Due Proportion {holy, rF+ SInv}
 19504 | D:15     | XOM: polymorph cyan ugly thing -> green ugly thing
 19510 | D:15     | XOM: potion effect (invisibility)
 19512 | D:15     | Reached skill level 10 in Armour
 19512 | D:15     | Reached XP level 14. HP: 121/121 MP: 13/13
 19547 | D:15     | XOM: divination: magic mapping
 19696 | D:15     | XOM: 2-stop teleportation journey
 19909 | D:15     | XOM: potion effect (brilliance)
 19918 | D:15     | XOM: divination: magic mapping
 19923 | D:15     | Reached skill level 18 in Unarmed Combat
 19924 | D:15     | XOM: potion effect (brilliance)
 19925 | D:15     | XOM: cast spell 'Cause Fear'
 19928 | D:15     | XOM: divination: detect creatures
 20019 | D:15     | XOM: divination: magic mapping
 20574 | D:3      | Killed Crazy Yiuf
 20669 | D:5      | XOM: cloud trail
 20714 | D:5      | Edmund changed into Edmund the scorpion
 20714 | D:5      | Noticed Edmund
 20714 | D:5      | XOM: polymorph Edmund -> Edmund the scorpion
 20715 | D:5      | Killed Edmund the scorpion
 20750 | D:7      | Bought a ring of see invisible for 195 gold pieces
 20781 | D:7      | XOM: god gift: onyx ring {god gift}
 20886 | Orc:1    | Entered Level 1 of the Orcish Mines
 20899 | Orc:1    | XOM: summons 2 friendly demons
 20906 | Orc:1    | Noticed Nergalle
 21124 | D:10     | XOM: summons 4 hostile demons
 21218 | Orc:1    | XOM: confusion (+ monsters)
 21222 | Orc:1    | Noticed Sonja
 21226 | Orc:1    | XOM: swap monsters
 21229 | Orc:1    | Killed Nergalle
 21233 | Orc:1    | XOM: scenery: summon butterflies
 21234 | Abyss:2  | XOM: noise
 21234 | Abyss:2  | Cast into level 2 of the Abyss (Sonja)
 21312 | Abyss:2  | Found a corrupted altar of Lugonu.
 21330 | Abyss:2  | XOM: enchant monster (bad)
 21388 | Abyss:2  | Noticed a brown very ugly thing
 21388 | Abyss:2  | Found a corrupted altar of Lugonu.
 21393 | Abyss:2  | Noticed a brown very ugly thing
 21394 | Abyss:2  | XOM: smoke on damage
 21400 | Abyss:2  | XOM: summons 2 hostile shadow creatures
 21407 | Abyss:2  | HP: 3/124 [green very ugly thing (11)]
 21408 | Abyss:2  | Demolished by a green very ugly thing

Illustrated notes

Levels and vault maps discovered:
D:1:      minmay_arrival_up_and_down, layout_loops_corners
D:2:      layout_basic, minmay_fractal_squares_gapless_5, uniq_robin,
          uniq_natasha
D:3:      layout_loops_ring, grunt_ministairs_2, uniq_crazy_yiuf_cottage
D:4:      layout_basic, minmay_tree_intersection,
          minmay_fractal_squares_diagonal_5
D:5:      layout_basic, serial_shops, shop, uniq_edmund
D:6:      nicolae_cairo_tiling_large_dashed, layout_cave_pools,
          nicolae_overflow_two_pavilions, serial_shops, shop,
          chequers_serial_rivers_micro_d, nicolae_sextant
D:7:      layout_rooms, minmay_temple_entry_from_below_b, serial_shops,
          nicolae_shop_temple_entry_statues_fountains
D:8:      layout_basic, minitemple, serial_shops, shop
D:9:      layout_roguey, minmay_orc_keep
D:10:     layout_irregular_city, orc_0_dummy, serial_shops, nicolae_shop_stone,
          uniq_josephine, uniq_grum
D:11:     layout_cave_pools, dpeg_lair_monsters, uniq_psyche
D:12:     layout_rooms, st_stairs_2
D:13:     layout_gridville, david_vaults_2, gammafunk_ghost_wrathful_warriors,
          minmay_stone_trees_small, minmay_misc_feat_pillars, uniq_jorgrun
D:14:     layout_basic, kennysheep_another_room, mikee_hates_you, uniq_nessos
D:15:     hangedman_depths_entry_civil_slaughter, layout_basic
Orc:1:    layout_diamond_mine, uniq_sonja, uniq_snorg, uniq_nergalle
Abyss:2:  base: D:6, evilmike_abyss_exit_kraken

Skill      XL: |  1  2  3  4  5  6  7  8  9 10 11 12 13 14 |
---------------+-------------------------------------------+-----
Unarmed Combat | 3 4 5 6 8 9 11 14 15 16 17 18 | 18.0
Fighting       | 5 8 10 11 | 11.3
Armour         | 4 5 10 | 10.0
Evocations     | 8 10 | 10.0
Dodging        | 5 |  5.0
Shields        | |  2.6

Action                     |  1- 3 |  4- 6 |  7- 9 | 10-12 | 13-15 || total
---------------------------+-------+-------+-------+-------+-------++-------
  Melee: Unarmed           |   135 |   152 |   264 |   529 |   443 ||  1523
         Punch             |       |     3 |    17 |    47 |    48 ||   115
   Fire: Arbalest          |       |       |       |       |     3 ||     3
  Throw: Dart              |       |       |       |     5 |       ||     5
  Evoke: Wand              |       |       |       |    13 |    16 ||    29
    Use: Scroll            |       |       |    10 |     1 |    11 ||    22
         Potion            |       |       |       |       |     5 ||     5
   Stab: Paralysed         |       |       |     2 |     1 |     4 ||     7
         Distracted        |       |       |       |     1 |     1 ||     2
         Petrified         |       |       |       |     2 |       ||     2
         Invisible         |       |       |       |       |     7 ||     7
 Armour: Scale mail        |    21 |       |       |       |       ||    21
         Chain mail        |    26 |    74 |   102 |    58 |       ||   260
         Plate armour      |       |       |       |   224 |   289 ||   513
  Dodge: Dodged            |    61 |    42 |    72 |   151 |   172 ||   498
